 Dungeon Crawl Stone Soup version 0.29-a0-925-g0a7a3d12f8 (webtiles) character file.

Game seed: 15282129411998773470

490384 ragingrage the Slayer (level 25, -5/179 HPs)
             Began as a Gargoyle Artificer on July 28, 2022.
             Was the Champion of Okawaru.
             Constricted to death by a tentacled monstrosity (6 damage)
             ... on level 3 of the Depths on July 29, 2022.
             The game lasted 01:23:50 (47875 turns).

ragingrage the Slayer (Gargoyle Artificer)         Turns: 47875, Time: 01:23:50

Health: -5/179     AC: 65    Str: 26    XL:     25   Next: 3%
Magic:  2/29       EV:  7    Int: 11    God:    Okawaru [******]
Gold:   5472       SH:  0    Dex: 12    Spells: 24/24 levels left

rFire   + . .      SeeInvis .   b - +6 executioner's axe "Plog" {flame, Will++}
rCold   + . .      Faith    .   (shield currently unavailable)
rNeg    + + .      Spirit   .   j - +8 crystal plate armour of Koehalu {*Corrode rElec Will+}
rPois   ∞          Reflect  .   C - +1 helmet of Futihi {rF+ rCorr Str-4}
rElec   +          Harm     .   W - scarf {repulsion}
rCorr   +          Rampage  .   k - +3 Mad Mage's Maulers {Infuse+∞ RegenMP Int-3}
Will    ++++.      Clarity  +   B - +2 pair of boots "Jodan" {rC+ rN+}
Stlth   ..........              f - amulet of Vitality {RegenMP++ Regen++}
HPRegen 1.99/turn               S - +6 ring of strength
MPRegen 1.41/turn               R - +4 ring of slaying

@: flying, constricted, repel missiles
A: sickness immunity, AC +19, big wings, negative energy resistance 1,
electricity resistance, torment resistance 1, petrification resistance, clarity
}: 2/15 runes: decaying, gossamer
a: Renounce Religion, Heroism, Finesse, Duel


You were on level 3 of the Depths.
You worshipped Okawaru.
Okawaru was exalted by your worship.
You visited 9 branches of the dungeon, and saw 41 of its levels.
You also visited: Ossuary, Bailey, Ice Cave, Wizlab and Desolation.

You collected 8624 gold pieces.
You spent 3152 gold pieces at shops.

Inventory:

Hand Weapons
 b - the +6 executioner's axe "Plog" (weapon) {flame, Will++}
   (You acquired it on level 1 of the Swamp)

   It burns those it strikes, dealing additional fire damage.
   Big, fiery blades are also staple armaments of hydra-hunters.
   Will:      It greatly increases your willpower.
 Y - a +1 executioner's axe of electrocution
 Z - the +10 shortbow "Wicwylia" {vorpal, rF- rC++ Will+++ Str+4}
   (You found it on level 3 of the Elven Halls)

   Any ammunition fired from it inflicts extra damage upon your enemies.
   Str:       It affects your strength (+4).
   rF:        It makes you vulnerable to fire.
   rC:        It greatly protects you from cold.
   Will:      It greatly increases your willpower.
Missiles
 L - 12 curare-tipped darts (quivered)
 M - 7 silver javelins
 X - 2 throwing nets
Armour
 a - the +3 pair of gauntlets of War {Slay+5}
   (You found it on level 3 of the Elven Halls)

   Slay:      It affects your accuracy & damage with ranged weapons and melee
   (+5).
 j - the +8 crystal plate armour of Koehalu (worn) {*Corrode rElec Will+}
   (Okawaru gifted it to you on level 5 of the Lair of Beasts)

   rElec:     It insulates you from electricity.
   *Corrode:  It may corrode you when you take damage.
   Will:      It increases your willpower.
 k - the +3 Mad Mage's Maulers (worn) {Infuse+∞ RegenMP Int-3}
   (You acquired it on level 13 of the Dungeon)

   It empowers its wearer's blows with all of their magic.
   It causes its wearer's magical reserves to regenerate more quickly.
   Int:       It affects your intelligence (-3).
 B - the +2 pair of boots "Jodan" (worn) {rC+ rN+}
   (You acquired it on level 2 of the Orcish Mines)

   rC:        It protects you from cold.
   rN:        It protects you from negative energy.
 C - the +1 helmet of Futihi (worn) {rF+ rCorr Str-4}
   (Okawaru gifted it to you on level 3 of the Lair of Beasts)

   Str:       It affects your strength (-4).
   rF:        It protects you from fire.
   rCorr:     It protects you from acid and corrosion.
 W - a scarf of repulsion (worn)
Jewellery
 f - the amulet of Vitality (around neck) {RegenMP++ Regen++}
   (You found it on level 7 of the Dungeon)

   [amulet of magic regeneration]

   It increases your rate of magic regeneration.
   Regen:     It increases your rate of health regeneration.
 o - a ring of see invisible
 R - a +4 ring of slaying (right hand)
 S - a +6 ring of strength (left hand)
Wands
 v - a wand of acid (28)
 w - a wand of roots (44)
 x - a wand of paralysis (36)
 I - a wand of flame (114)
 J - a wand of mindburst (41)
 Q - a wand of digging (30)
Scrolls
 i - 10 scrolls of enchant armour
 l - 20 scrolls of teleportation
 m - 6 scrolls of poison
 q - 8 scrolls of immolation
 r - 2 scrolls of fog
 s - 8 scrolls of enchant weapon
 u - 11 scrolls of magic mapping
 A - 2 scrolls of brand weapon
 E - 14 scrolls of fear
 G - 6 scrolls of blinking
 N - 6 scrolls of amnesia
 T - a scroll of silence
Potions
 c - 8 potions of mutation
 d - 9 potions of heal wounds
 g - 5 potions of magic
 h - 10 potions of lignification
 n - 17 potions of ambrosia
 t - 16 potions of curing
 y - 2 potions of invisibility
 z - 4 potions of cancellation
 D - 4 potions of resistance
 F - 4 potions of haste
 H - 5 potions of berserk rage
 K - 4 potions of might
 P - 6 potions of attraction
Miscellaneous
 e - a tin of tremorstones (2/2)
 p - a lightning rod (4/4)
 O - a condenser vane
 V - a phial of floods


   Skills:
 + Level 24.2 Fighting
 - Level 24.0 Axes
 - Level 20.0 Armour
 - Level 10.0 Dodging
 - Level 1.3 Stealth
 - Level 9.0 Invocations
 - Level 15.0 Evocations


You had 24 spell levels left.
You didn't know any spells.
Your spell library contained the following spells:

 Spells                   Type           Power      Damage    Failure   Level
 Apportation              Tloc           0%         N/A       99%         1
 Magic Dart               Conj           0%         1d3       99%         1
 Necrotise                Necr           0%         1d4       99%         1
 Blink                    Tloc           0%         N/A       100%        2
 Ensorcelled Hibernation  Hex/Ice        0%         N/A       100%        2
 Passwall                 Tmut/Erth      0%         N/A       100%        2
 Poisonous Vapours        Pois/Air       0%         N/A       100%        2
 Scorch                   Fire           0%         2d5       100%        2
 Searing Ray              Conj           0%         2d4       100%        2
 Wereblood                Tmut           0%         N/A       100%        2
 Ignite Poison            Fire/Tmut/Pois 0%         N/A       100%        3
 Lesser Beckoning         Tloc           0%         N/A       100%        3
 Mephitic Cloud           Conj/Pois/Air  0%         N/A       100%        3
 Portal Projectile        Hex/Tloc       0%         N/A       100%        3
 Spider Form              Tmut/Pois      0%         N/A       100%        3
 Stone Arrow              Conj/Erth      0%         3d7       100%        3
 Swiftness                Air            0%         N/A       100%        3
 Vampiric Draining        Necr           0%         2d6       100%        3
 Anguish                  Hex/Necr       0%         N/A       100%        4
 Cause Fear               Hex            0%         N/A       100%        4
 Corpse Rot               Necr/Pois/Air  0%         N/A       100%        4
 Flame Wave               Conj/Fire      0%         2d4       100%        4
 Fulminant Prism          Conj/Hex       0%         3d6       100%        4
 Hailstorm                Conj/Ice       0%         3d3       100%        4
 Ice Form                 Ice/Tmut       0%         N/A       100%        4
 Leda's Liquefaction      Hex/Erth       0%         N/A       100%        4
 Passage of Golubria      Tloc           0%         N/A       100%        4
 Petrify                  Tmut/Erth      0%         N/A       100%        4
 Agony                    Necr           0%         N/A       100%        5
 Alistair's Intoxication  Tmut/Pois      0%         N/A       100%        5
 Blade Hands              Tmut           0%         N/A       100%        5
 Fireball                 Conj/Fire      0%         3d3       100%        5
 Freezing Cloud           Conj/Ice/Air   0%         6-21      100%        5
 Irradiate                Conj/Tmut      0%         3d11      100%        5
 Lee's Rapid Deconstruct  Erth           0%         3d5*      100%        5
 Manifold Assault         Tloc           0%         N/A       100%        5
 Metabolic Englaciation   Hex/Ice        0%         N/A       100%        5
 Silence                  Hex/Air        0%         N/A       100%        5
 Dispersal                Tloc           0%         N/A       100%        6
 Starburst                Conj/Fire      0%         6d3       100%        6
 Dragon Form              Tmut           0%         N/A       100%        7
 Orb of Destruction       Conj           0%         9d5       100%        7
 Disjunction              Tloc           0%         N/A       100%        8
 Ignition                 Fire           0%         3d3       100%        8
 Lehudib's Crystal Spear  Conj/Erth      0%         10d2      100%        8
 Maxwell's Capacitive Co  Air            0%         ∞         100%        8
 Chain Lightning          Conj/Air       0%         N/A       100%        9
 Polar Vortex             Ice            0%         N/A       100%        9
 Call Imp                 Summ           Unusable   N/A       N/A         2
 Sublimation of Blood     Necr           Unusable   N/A       N/A         2
 Call Canine Familiar     Summ           Unusable   N/A       N/A         3
 Summon Guardian Golem    Hex/Summ       Unusable   N/A       N/A         3
 Tukima's Dance           Hex            Unusable   N/A       N/A         3
 Animate Armour           Summ/Erth      Unusable   N/A       N/A         4
 Death Channel            Necr           Unusable   N/A       N/A         6
 Simulacrum               Ice/Necr       Unusable   N/A       N/A         6
 Statue Form              Tmut/Erth      Unusable   N/A       N/A         6
 Summon Cactus Giant      Summ           Unusable   N/A       N/A         6
 Spellforged Servitor     Conj/Summ      Unusable   N/A       N/A         7
 Summon Hydra             Summ           Unusable   N/A       N/A         7
 Dragon's Call            Summ           Unusable   N/A       N/A         9

Dungeon Overview and Level Annotations

Branches:
Dungeon (15/15)            Temple (1/1) D:4            Lair (5/5) D:10
  Swamp (4/4) Lair:2       Spider (4/4) Lair:3        Slime (0/5) Lair:4
    Orc (2/2) D:11            Elf (3/3) Orc:2        Vaults (4/5) D:13
  Crypt (0/3) Vaults:3     Depths (3/4) D:15        Ossuary (visited)
 Bailey (visited)           IceCv (visited)          WizLab (visited)
Desolation (visited)

Altars:
Ashenzari
Cheibriados
Dithmenos
Elyvilon
Fedhas
Gozag
Hepliaklqana
Kikubaaqudgha
Makhleb
Nemelex Xobeh
Okawaru
Qazlal
Ru
Sif Muna
Trog
Uskayaw
Vehumet
Wu Jian
Xom
Yredelemnul
Zin
The Shining One
Jiyva

Shops:
D:4 (:!(   D:11 **[   Orc:2 ?([([   Elf:2 :   Elf:3 [   Vaults:1 (**(
Vaults:3 =   Depths:1 (

Portals:
Hell: Depths:1 Depths:2
Abyss: Depths:1 Depths:2
Pandemonium: Depths:2
Ziggurat: Depths:1

Annotations:
D:8 exclusion: upstairs
D:9 2 transporters, quixfox's ghost, journeyman GrEE
D:10 exclusion: downstairs
Lair:1 1 runed translucent door, Jackthecabe's ghost, journeyman DEIE
Swamp:1 Roxanne
Elf:2 3 runed translucent doors


Innate Abilities, Weirdness & Mutations

You are immune to sickness and miasma.
Your stone body is resilient. (AC +19)
You are immune to poison.
Your large and strong wings let you fly.
You resist negative energy. (rN+)
You are resistant to electric shocks. (rElec)
You are resistant to unholy torment.
You are immune to petrification.
You possess an exceptional clarity of mind.


Message History

The tentacled monstrosity tentacle-slaps you but does no damage. x3
The tentacled monstrosity constricts you.
The walking crystal tome erupts in a flurry of living spells!
You hear some strange, mumbled words.
A crystal spear appears from out of thin air!
The crystal spear hits you!!! The living spell casts itself at you.
Something smites you!
* * * LOW HITPOINT WARNING * * *
You miss something. You slice the tentacled monstrosity!!
You burn the tentacled monstrosity.
You kill the tentacled monstrosity!
Okawaru accepts your kill.
You barely miss the tentacled monstrosity.
You hear some strange, mumbled words.
A crystal spear appears from out of thin air!
The crystal spear misses you.
The tentacled monstrosity tentacle-slaps you.
* * * LOW HITPOINT WARNING * * *
The tentacled monstrosity tentacle-slaps you but does no damage. x2
The tentacled monstrosity grabs you.
The tentacled monstrosity constricts you.
The tentacled monstrosity's grasp on you weakens, but your attempt to escape fails.
The living spell casts itself at you. Something smites you!
* * * LOW HITPOINT WARNING * * *
The living spell casts itself at you. Something smites you!
* * * LOW HITPOINT WARNING * * *
The living spell casts itself at you. Something smites you!
* * * LOW HITPOINT WARNING * * *
The fire giant hits you but does no damage.
Something touches you but does no damage.
The tentacled monstrosity tentacle-slaps you but does no damage.
The tentacled monstrosity tentacle-slaps you.
* * * LOW HITPOINT WARNING * * *
The tentacled monstrosity tentacle-slaps you but does no damage.
The tentacled monstrosity constricts you.
You die...

*. *# ....<..
.##. .§§§...#
# .#.##§§}..#
#* .#.#.....#
..#..#.....#
##.#........#
...;..C8...#
#..X@...#
#...#L{#)(##
. #.#.#..##
.. C##...# #.
#.#<...# ..
.##....# .
#.#...###
.##.)## #...#


You could see a tentacled monstrosity, a dread lich, a walking divine tome, a
fire giant, an ettin and 3 living crystal spells.

Vanquished Creatures
  Mara (Elf:3)
  Bai Suzhen (Depths:1)
  Sojobo (Depths:1)
  A golden dragon (Depths:3)
  the Enchantress (Depths:1)
  Nikola (Depths:2)
  A bone dragon (Depths:1)
  3 tentacled monstrosities
  Jorgrun (Orc:2)
  2 liches
  2 titans
  Mlioglotl (Swamp:1)
  Asterion (Depths:1)
  2 walking earthen tomes
  5 deep elf master archers (Elf:3)
  3 deep elf blademasters (Elf:3)
  4 sphinxes
  5 tengu reavers
  A storm dragon (Depths:2)
  Donald (Swamp:1)
  2 strange machines (WizLab)
  4 fenstrider witches (Swamp:4)
  Kirke (Lair:4)
  3 thorn hunters
  4 frost giants
  2 imperial myrmidons (Desolation)
  2 deep elf sorcerers (Elf:3)
  A balrug (Depths:1)
  3 emperor scorpions
  4 fire giants
  7 vault wardens
  2 orc warlords
  Aizul (Swamp:3)
  2 angels (Depths:1)
  7 ghost moths
  Louise (Swamp:3)
  3 ghouls
  5 spriggan defenders
  5 deep elf elementalists (Elf:3)
  3 war gargoyles (Vaults:4)
  14 ironbound preservers
  20 very ugly things
  6 stone giants
  A broodmother (Spider:2)
  11 ironbound thunderhulks
  A halazid warlock (Desolation)
  12 entropy weavers
  8 eleionomae
  4 bunyips
  3 deep elf demonologists
  Azrael (Spider:3)
  5 deep elf annihilators
  22 dire elephants
  5 spark wasps
  4 crystal guardians
  A blizzard demon (Swamp:4)
  Snorg (D:14)
  5 ettins
  8 fire dragons
  Josephine (Lair:5)
  4 shambling mangroves
  A green death (Swamp:4)
  5 deep elf death magi (Elf:3)
  9 ragged hierophants (Desolation)
  5 boulder beetles
  6 servants of whispers (Desolation)
  3 jiangshi (Depths:1)
  2 deep elf high priests (Elf:3)
  4 yaktaur captains
  6 rakshasas
  17 vault guards
  4 great orbs of eyes
  Erolcha (Orc:1)
  9 ice dragons
  12 hydras
  8 peacekeepers
  A spriggan air mage (Depths:1)
  2 ghost crabs
  A radroach (Spider:4)
  9 centaur warriors
  11 ogre magi
  14 ironbound frosthearts
  2 jorogumos
  3 catoblepae
  2 death knights
  11 alligators
  20 two-headed ogres
  39 dancing weapons
  9 death scarabs (Spider:4)
  8 tengu warriors
  3 deep troll shamans (Depths:1)
  2 deep troll earth magi (Depths:1)
  2 vampire magi
  3 death yaks (Lair:5)
  A spectral emperor scorpion (Spider:4)
  3 spriggan berserkers (Depths:1)
  2 orc high priests (Elf:2)
  Urug (Lair:4)
  12 deep elf knights
  5 skeletal warriors
  2 sixfirhies
  A sun moth (Spider:2)
  8 pharaoh ants
  55 deep trolls
  2 glowing orange brains
  2 iron trolls
  14 orb spiders
  5 spriggan druids
  A shadow demon (Depths:2)
  A goliath frog (Swamp:3)
  A flayed ghost (Vaults:3)
  15 ironbound convokers
  A death drake (Swamp:4)
  9 wizards
  6 steelbarb worms
  4 swamp dragons
  Pikel (D:8)
  13 deep elf archers
  2 spectral wolf spiders (Spider:4)
  8 bog bodies
  11 lindwurms
  29 deep elf pyromancers
  18 deep elf zephyrmancers
  A broodmother zombie (Spider:4)
  A wolf spider zombie (Spider:4)
  4 orc knights
  A necromancer (D:15)
  15 wolf spiders
  An oklob plant (Lair:3)
  43 ugly things
  10 cyclopes
  2 manticores
  3 orc sorcerers
  3 moths of wrath
  7 will-o-the-wisps
  17 elephants
  2 ice statues
  2 centaur zombies (D:15)
  Maurice (D:12)
  Joseph (D:8)
  16 vault sentinels
  A centaur skeleton (D:15)
  A naga mage (D:15)
  5 guardian serpents (Desolation)
  An orange demon (Swamp:4)
  2 cane toads
  A gargoyle (D:10)
  5 black mambas
  5 torpor snails
  6 kobold demonologists
  A rime drake (Lair:3)
  5 demonic crawlers
  Maggie (D:8)
  6 tengu conjurers
  5 komodo dragons
  A redback zombie (Spider:4)
  4 spectral redbacks (Spider:4)
  An anaconda simulacrum (IceCv)
  2 efreet (D:11)
  An entropy weaver simulacrum (IceCv)
  19 yaktaurs
  A freezing wraith (Vaults:4)
  A red devil (Depths:2)
  3 meliai (D:13)
  9 trolls
  2 bloated husks
  3 hellwings (Swamp:4)
  15 hornets
  A spectral tarantella (Spider:4)
  A queen bee (D:13)
  3 spectral jumping spiders (Spider:4)
  9 tyrant leeches
  4 polar bears
  45 saltlings (Desolation)
  A spectral culicivora (Spider:4)
  Grinder (D:4)
  26 slime creatures
  11 blink frogs (Lair:5)
  45 tarantellas
  A jumping spider zombie (Spider:4)
  A tarantella zombie (Spider:4)
  A human simulacrum (Vaults:2)
  6 dream sheep
  3 shadows
  18 jumping spiders
  2 dire elephant simulacra (IceCv)
  4 air elementals
  3 vampires (Vaults:3)
  5 wraiths
  A culicivora (shapeshifter) (D:13)
  27 spriggans
  5 water elementals
  7 wyverns
  17 culicivoras
  2 centaur simulacra
  4 fire bats (Depths:2)
  5 fire elementals
  A human (shapeshifter) (D:14)
  8 basilisks
  39 yaks
  7 hogs (Lair:4)
  2 neqoxecs (Swamp:4)
  6 humans (D:13)
  2 death yak simulacra (IceCv)
  40 redbacks
  2 chaos spawn
  Grum (D:8)
  13 vampire mosquitoes
  2 steam dragons
  2 harpy simulacra (IceCv)
  10 swamp worms
  A warg (Orc:2)
  Edmund (D:4)
  3 acid dragons
  3 swamp drakes (Swamp:1)
  Duvessa (D:4)
  A floating eye (Depths:1)
  4 hell hounds (Spider:3)
  32 orc warriors
  8 water moccasins
  7 ice beasts
  7 black bears
  2 sky beasts (D:7)
  27 ogres
  7 boggarts
  6 centaurs
  26 wolves
  A lemure (D:8)
  20 kobold brigands
  Blork the orc (D:4)
  A necrophage (Swamp:2)
  5 scorpions
  13 bullfrogs
  4 two-headed ogre simulacra (IceCv)
  2 gnoll sergeants
  3 cane toad simulacra (IceCv)
  5 earth elementals
  Dowan (D:4)
  4 wights (Ossuary)
  27 killer bees
  3 electric eels (D:6)
  4 howler monkeys
  A hound (D:5)
  A jelly (D:6)
  15 orc priests
  A gnoll bouda (Lair:2)
  13 orc wizards
  5 iguanas
  5 spriggan simulacra (IceCv)
  2 troll simulacra (IceCv)
  A wolf simulacrum (IceCv)
  3 polar bear simulacra (IceCv)
  8 gnolls
  7 adders
  5 naga simulacra (IceCv)
  9 white imps
  9 ufetubi
  2 worms (D:4)
  5 dart slugs
  55 orcs
  5 endoplasms
  4 giant cockroaches
  7 goblins
  6 hobgoblins
  8 jackals
  4 quokkas
  3 ball pythons
  A ball python skeleton (Ossuary)
  5 bats
  6 frilled lizards
  A hobgoblin skeleton (Ossuary)
  A hobgoblin zombie (Ossuary)
  46 kobolds
  A kobold zombie (Ossuary)
  An orc skeleton (Ossuary)
  2 orc zombies (Ossuary)
  5 rats
  2 rat zombies (D:8)
1820 creatures vanquished.

Vanquished Creatures (others)
  A lich (Depths:1)
  A vault guard (D:13)
  3 deep elf knights
  A wizard (Vaults:4)
  A deep elf zephyrmancer (Elf:3)
  An air elemental (Elf:1)
  2 humans (D:13)
  A white imp (D:12)
  32 foxfires
  28 fungi
  49 plants
120 creatures vanquished.

Grand Total: 1940 creatures vanquished

Notes
Turn   | Place    | Note
-------+----------+-------------------------------------------
     0 | D:1      | ragingrage the Gargoyle Artificer began the quest for the
                  | Orb.
     0 | D:1      | Reached XP level 1. HP: 12/12 MP: 1/1
   362 | D:1      | Reached skill level 1 in Dodging
   362 | D:1      | Reached XP level 2. HP: 10/16 MP: 2/2
   967 | D:1      | Found a faded altar of an unknown god.
  1436 | D:2      | Found an ornate altar of the Wu Jian Council.
  1597 | D:2      | Reached XP level 3. HP: 21/21 MP: 3/3
  1913 | D:2      | Reached XP level 4. HP: 16/27 MP: 4/4
  3173 | D:3      | Reached XP level 5. HP: 27/32 MP: 5/5
  3287 | D:3      | Found a radiant altar of Vehumet.
  3360 | D:3      | Identified the +2 mace "Beetlebane" {freeze, Contam rPois
                  | rN+}
  4563 | D:4      | Found a staircase to the Ecumenical Temple.
  4599 | D:4      | Reached XP level 6. HP: 38/38 MP: 6/6
  4613 | Temple   | Entered the Ecumenical Temple
  4694 | Temple   | Became a worshipper of Warmaster Okawaru
  4831 | D:4      | Noticed Grinder
  4843 | D:4      | Killed Grinder
  4844 | D:4      | Reached skill level 5 in Fighting
  4844 | D:4      | Reached skill level 5 in Evocations
  5020 | D:4      | Reached XP level 7. HP: 19/44 MP: 7/7
  5199 | D:4      | Found Buduoco's Weapon Emporium.
  5205 | D:4      | Found Muaschot's Antique Weapon Emporium.
  5205 | D:4      | Found Ehidghayt's Book Emporium.
  5206 | D:4      | Found Zesiudd's Distillery.
  5242 | D:4      | Reached * piety under Okawaru
  5319 | D:4      | Bought a faintly glowing flail for 187 gold pieces
  5319 | D:4      | Identified the +7 flail of Neurosis {spect, rN+ Int+2} (You
                  | bought it in a shop on level 4 of the Dungeon)
  5343 | D:4      | Gained mutation: You sometimes lose your temper in combat.
                  | [mutagenic glow]
  5351 | D:4      | Noticed Dowan
  5352 | D:4      | Noticed Duvessa
  5362 | D:4      | Killed Duvessa
  5364 | D:4      | Killed Dowan
  5384 | D:4      | Noticed Blork the orc
  5389 | D:4      | Killed Blork the orc
  5599 | D:4      | Found a bloodstained altar of Trog.
  5601 | D:4      | Found a blossoming altar of Fedhas.
  5747 | D:4      | Noticed Edmund
  5753 | D:4      | Killed Edmund
  5754 | D:4      | Reached XP level 8. HP: 52/52 MP: 8/8
  5986 | D:5      | Entered Level 5 of the Dungeon
  6479 | D:6      | Reached ** piety under Okawaru
  6496 | D:6      | Noticed a wyvern
  6500 | D:6      | Killed a wyvern
  6628 | D:6      | Reached XP level 9. HP: 38/59 MP: 9/9
  6883 | D:6      | Reached skill level 5 in Armour
  7439 | D:7      | Reached *** piety under Okawaru
  7869 | D:7      | Noticed a deep troll
  7869 | D:7      | Noticed a deep troll
  7907 | D:7      | Killed a deep troll
  8244 | D:7      | Killed a deep troll
  8245 | D:7      | Reached skill level 10 in Fighting
  8245 | D:7      | Reached XP level 10. HP: 25/68 MP: 8/10
  8547 | D:7      | Noticed a deep troll
  8713 | D:7      | Found the amulet of Vitality {RegenMP++ Regen++}
  8813 | D:8      | Reached **** piety under Okawaru
  8886 | D:8      | Found a sand-covered staircase.
  8894 | Ossuary  | Entered an ossuary
  9111 | Ossuary  | Reached skill level 1 in Axes
  9222 | D:8      | Noticed Pikel
  9234 | D:8      | Killed Pikel
  9234 | D:8      | Received a gift from Okawaru
  9264 | D:8      | Noticed Joseph
  9287 | D:8      | Killed Joseph
  9364 | D:8      | Noticed Grum
  9378 | D:8      | Killed Grum
  9386 | D:8      | Found a runed translucent gate.
  9386 | D:8      | Found a runed translucent gate.
  9386 | D:8      | Found a runed translucent gate.
  9386 | D:8      | Noticed a green ugly thing
  9386 | D:8      | Noticed a red ugly thing
  9386 | D:8      | Noticed a purple ugly thing
  9386 | D:8      | Noticed a cyan ugly thing
  9396 | D:8      | Reached skill level 10 in Evocations
  9404 | D:8      | Noticed a white ugly thing
  9517 | D:8      | Reached skill level 5 in Axes
  9526 | D:8      | Reached XP level 11. HP: 74/74 MP: 11/11
  9668 | D:8      | Noticed Maggie
  9718 | D:8      | Killed Maggie
 10165 | D:9      | Found a flagged portal.
 10208 | Bailey   | Entered a bailey
 10427 | Bailey   | Found a bloodstained altar of Trog.
 10434 | Bailey   | Identified the +6 morningstar of Moral Flaws {vorpal,
                  | Fragile Fly rElec Int-2}
 10438 | Bailey   | Identified the +0 leather armour "Jameu" {rF+ rC+ Will+
                  | rCorr}
 10508 | D:9      | Noticed quixfox's ghost (journeyman GrEE)
 10542 | D:9      | Reached ***** piety under Okawaru
 10610 | D:9      | Found a transporter.
 10628 | D:9      | Found a transporter.
 11445 | D:10     | Entered Level 10 of the Dungeon
 12069 | D:10     | Found a staircase to the Lair.
 12466 | D:11     | Found a glowing silver altar of Zin.
 12468 | D:11     | Noticed a tengu warrior
 12468 | D:11     | Noticed a death knight
 12493 | D:10     | Killed a tengu warrior
 12493 | D:10     | Identified the +3 plate armour of Sahal {Regen+} (Okawaru
                  | gifted it to you on level 10 of the Dungeon)
 12493 | D:10     | Received a gift from Okawaru
 12558 | D:11     | Noticed a five-headed hydra
 12563 | D:11     | Killed a five-headed hydra
 12593 | D:11     | Noticed a boulder beetle
 12648 | D:10     | Killed a boulder beetle
 12847 | Lair:1   | Entered Level 1 of the Lair of Beasts
 12856 | Lair:1   | Reached skill level 10 in Axes
 12915 | Lair:1   | Reached XP level 12. HP: 80/80 MP: 12/12
 13003 | Lair:1   | Found a frozen archway.
 13011 | IceCv    | Entered an ice cave
 14025 | Lair:1   | Found a runed translucent door.
 14025 | Lair:1   | Noticed Jackthecabe's ghost (journeyman DEIE)
 14624 | Lair:2   | Identified the +7 quarterstaff of Uhuppor {elec, rC+
                  | Stlth+} (Okawaru gifted it to you on level 2 of the Lair of
                  | Beasts)
 14624 | Lair:2   | Received a gift from Okawaru
 15003 | Lair:2   | Identified the +2 robe of the Fife {rC+ Will- Int+4}
 15150 | Lair:2   | Found a staircase to the Swamp.
 15167 | Lair:2   | Identified the +1 robe of the Living God {Harm rF- rCorr
                  | Int-5}
 15465 | Lair:3   | Found a hole to the Spider Nest.
 15631 | Lair:3   | Reached XP level 13. HP: 84/84 MP: 13/13
 15709 | Lair:3   | Identified the +1 helmet of Futihi {rF+ rCorr Str-4}
                  | (Okawaru gifted it to you on level 3 of the Lair of Beasts)
 15709 | Lair:3   | Received a gift from Okawaru
 16133 | Lair:4   | Noticed Urug
 16141 | Lair:4   | Killed Urug
 16164 | Lair:4   | Reached skill level 15 in Axes
 16559 | Lair:4   | Identified 2 scrolls of acquirement
 16655 | Lair:4   | Noticed Kirke
 16670 | Lair:4   | Killed Kirke
 16872 | Lair:4   | Found a viscous altar of Jiyva.
 16874 | Lair:4   | Found a staircase to the Slime Pits.
 17025 | Lair:5   | Entered Level 5 of the Lair of Beasts
 17152 | Lair:5   | Reached ****** piety under Okawaru
 17353 | Lair:5   | Gained mutation: Your large and strong wings let you fly.
                  | [Gargoyle growth]
 17353 | Lair:5   | Reached XP level 14. HP: 90/90 MP: 14/14
 17356 | Lair:5   | Received a gift from Okawaru
 17934 | Lair:5   | Noticed Josephine
 17941 | Lair:5   | Killed Josephine
 17941 | Lair:5   | Identified the +8 crystal plate armour of Koehalu {*Corrode
                  | rElec Will+} (Okawaru gifted it to you on level 5 of the
                  | Lair of Beasts)
 17941 | Lair:5   | Received a gift from Okawaru
 18646 | D:11     | Reached skill level 1 in Invocations
 18755 | D:11     | Found Fosyfi Luff's Assorted Antiques.
 18760 | D:11     | Bought a scroll labelled KOMOPOFISA for 31 gold pieces
 18760 | D:11     | Acquired a manual of Armour
 19223 | D:11     | Found a staircase to the Orcish Mines.
 19484 | D:11     | Found Taxkina's Armour Shop.
 19490 | D:11     | Bought a +1 pair of boots of rampaging for 198 gold pieces
 19648 | D:11     | Found Xuime's Assorted Antiques.
 19657 | D:11     | Bought a smoking chain mail for 275 gold pieces
 19657 | D:11     | Identified the +0 chain mail "Joarequkio" {rPois rN++ rCorr
                  | Dex-2} (You bought it in a shop on level 11 of the Dungeon)
 19984 | D:12     | Reached XP level 15. HP: 77/94 MP: 17/17
 20082 | D:12     | Received a gift from Okawaru
 20592 | D:12     | Noticed Maurice
 20599 | D:12     | Killed Maurice
 20880 | D:13     | Identified the +6 flail of Understanding {drain, Contam
                  | rElec rCorr Dex+6}
 21171 | D:12     | Reached skill level 5 in Invocations
 21263 | D:13     | Received a gift from Okawaru
 21487 | D:13     | Found a gate to the Vaults.
 21703 | D:13     | Acquired the +3 Mad Mage's Maulers {Infuse+∞ RegenMP Int-3}
 21703 | D:13     | Found the +3 Mad Mage's Maulers {Infuse+∞ RegenMP Int-3}
 21968 | Orc:1    | Entered Level 1 of the Orcish Mines
 21978 | Orc:1    | Reached skill level 10 in Armour
 22164 | Orc:2    | Entered Level 2 of the Orcish Mines
 22164 | Orc:2    | Found a staircase to the Elven Halls.
 22170 | Orc:2    | Noticed Erolcha
 22210 | Orc:1    | Killed Erolcha
 22226 | Orc:2    | Found Jidwulae's Magic Scroll Boutique.
 22253 | Orc:2    | Bought a scroll of teleportation for 45 gold pieces
 22675 | Orc:2    | Noticed Jorgrun
 22707 | Orc:2    | Killed Jorgrun
 22750 | Orc:2    | Paralysed by an ogre mage for 5 turns
 22802 | Orc:2    | Identified the +10 battleaxe "Ynetom" {freeze, rPois Int+2}
                  | (Okawaru gifted it to you on level 2 of the Orcish Mines)
 22802 | Orc:2    | Received a gift from Okawaru
 22804 | Orc:2    | Reached skill level 5 in Dodging
 22889 | Orc:2    | Found Seyczoydd's Antique Armour Shop.
 22889 | Orc:2    | Found Gelowk's Armour Emporium.
 22892 | Orc:2    | Found Vurphobb's Weapon Emporium.
 22892 | Orc:2    | Found Roages's Weapon Boutique.
 22900 | Orc:2    | Reached XP level 16. HP: 88/100 MP: 1/19
 22946 | Orc:2    | Bought an ichor-stained chain mail for 228 gold pieces
 22946 | Orc:2    | Identified the +2 chain mail of Absolutism {+Blink Will+
                  | Stlth-} (You bought it in a shop on level 2 of the Orcish
                  | Mines)
 22946 | Orc:2    | Bought a dazzling chain mail for 228 gold pieces
 22946 | Orc:2    | Identified the +2 chain mail of Vehumet's Approval {rElec
                  | rPois rC- Str+4} (You bought it in a shop on level 2 of the
                  | Orcish Mines)
 22958 | Orc:2    | Acquired the +2 pair of boots "Jodan" {rC+ rN+}
 23648 | D:14     | Found a snail-covered altar of Cheibriados.
 24024 | D:14     | Noticed Snorg
 24034 | D:14     | Killed Snorg
 24282 | D:14     | Found a hazy altar of Hepliaklqana.
 24353 | D:15     | Entered Level 15 of the Dungeon
 24408 | D:15     | Received a gift from Okawaru
 24746 | D:15     | Identified the +0 scale mail of Birdsong {Str-2 Dex+6}
                  | (Okawaru gifted it to you on level 15 of the Dungeon)
 24746 | D:15     | Received a gift from Okawaru
 24747 | D:15     | Reached skill level 15 in Armour
 24778 | D:15     | Identified the +5 whip of Xuichu {spect, Will+ MP+9 Str+4}
 24885 | D:15     | Found a staircase to the Depths.
 25176 | Spider:1 | Entered Level 1 of the Spider Nest
 25344 | Spider:1 | You are sucked into a shaft and drop 1 floor!
 25475 | Spider:1 | Found a runed translucent door.
 25712 | Spider:1 | Identified the +11 broad axe "Eckemoess" {protect, Will-
                  | rCorr Str+2 SInv} (Okawaru gifted it to you on level 1 of
                  | the Spider Nest)
 25712 | Spider:1 | Received a gift from Okawaru
 25766 | Spider:1 | Reached XP level 17. HP: 106/106 MP: 1/22
 26247 | Spider:2 | Received a gift from Okawaru
 26500 | Spider:2 | Identified the +2 long sword "Vonutyng" {holy, +Blink rF+
                  | rC- rN+}
 26925 | Spider:3 | Noticed Azrael
 26936 | Spider:3 | Killed Azrael
 27651 | Spider:3 | Received a gift from Okawaru
 28212 | Spider:4 | Entered Level 4 of the Spider Nest
 28425 | Spider:4 | Received a gift from Okawaru
 28894 | Spider:4 | Reached XP level 18. HP: 115/115 MP: 1/24
 29689 | Spider:4 | Identified the +0 pair of gloves of the Heavens {rF- Regen+
                  | Str+2}
 29695 | Spider:4 | Got a gossamer rune of Zot
 29902 | Swamp:1  | Entered Level 1 of the Swamp
 30028 | Swamp:1  | Received a gift from Okawaru
 30035 | Swamp:1  | Noticed Mlioglotl
 30047 | Swamp:1  | Killed Mlioglotl
 30149 | Swamp:1  | Acquired the +6 executioner's axe "Plog" {flame, Will++}
 30342 | Swamp:1  | Noticed Roxanne
 30387 | Swamp:1  | Noticed Donald
 30401 | Swamp:1  | Killed Donald
 31338 | Swamp:3  | Noticed Louise
 31348 | Swamp:3  | Killed Louise
 31492 | Swamp:3  | Noticed Aizul
 31550 | Swamp:3  | Killed Aizul
 31692 | Swamp:3  | Identified the +6 broad axe of Vieguvuu {vorpal, rElec
                  | Str+2 Int+5} (Okawaru gifted it to you on level 3 of the
                  | Swamp)
 31692 | Swamp:3  | Received a gift from Okawaru
 31693 | Swamp:3  | Reached XP level 19. HP: 123/123 MP: 1/25
 31883 | Swamp:4  | Entered Level 4 of the Swamp
 31986 | Swamp:4  | Reached skill level 15 in Fighting
 32988 | Swamp:4  | Noticed a tentacled monstrosity
 33000 | Swamp:4  | Killed a tentacled monstrosity
 33005 | Swamp:4  | Received a gift from Okawaru
 33059 | Swamp:4  | Got a decaying rune of Zot
 33071 | Swamp:4  | Identified the +7 triple sword of Instinct {elec, rElec}
                  | (Okawaru gifted it to you on level 4 of the Swamp)
 33071 | Swamp:4  | Received a gift from Okawaru
 33145 | Swamp:4  | Gained mutation: Armour fits poorly on your strangely
                  | shaped body. [a neqoxec]
 33199 | Swamp:4  | Lost mutation: Armour fits poorly on your strangely shaped
                  | body. [potion of mutation]
 33199 | Swamp:4  | Lost mutation: You sometimes lose your temper in combat.
                  | [potion of mutation]
 33199 | Swamp:4  | Gained mutation: You possess an exceptional clarity of
                  | mind. [potion of mutation]
 33403 | Elf:1    | Entered Level 1 of the Elven Halls
 33703 | Elf:1    | Identified the +1 scale mail of the Echidna {rF- Dex+8
                  | Stlth+} (Okawaru gifted it to you on level 1 of the Elven
                  | Halls)
 33703 | Elf:1    | Received a gift from Okawaru
 34500 | Elf:2    | Found a crumbling gateway.
 34500 | Elf:2    | Found Veextero's Book Shoppe.
 34550 | Desolati | Entered the Desolation of Salt
 34618 | Desolati | Reached XP level 20. HP: 129/129 MP: 1/26
 34624 | Desolati | Identified the +7 spear of the Eel {pain, Str+5 Int+4}
 34644 | Desolati | Got the Treatise on Unholy Deeds and the Birds
 34646 | Desolati | Identified the +9 scale mail of the Equator {-Tele rF++
                  | rC+++}
 34878 | Desolati | Identified the +2 robe "Buluon" {*Slow rN++ rCorr Str+4}
 35199 | Desolati | Identified the +2 pair of boots of Sin {+Inv rN+ MP+9
                  | Slay-2}
 35551 | Elf:2    | Identified the +3 scale mail of Perpetual Drought {rPois
                  | Str-3 Int+5 Stlth+} (Okawaru gifted it to you on level 2 of
                  | the Elven Halls)
 35551 | Elf:2    | Received a gift from Okawaru
 35837 | Elf:2    | Found a radiant altar of Vehumet.
 36163 | Elf:2    | Found a runed translucent gate.
 36164 | Elf:2    | Found a runed translucent gate.
 36164 | Elf:2    | Found a runed translucent gate.
 36388 | Elf:3    | Entered Level 3 of the Elven Halls
 36456 | Elf:3    | Reached XP level 21. HP: 136/136 MP: 27/27
 36534 | Elf:3    | Found Toacaex's Antique Armour Shop.
 36542 | Elf:3    | Bought a transparent plate armour for 952 gold pieces
 36542 | Elf:3    | Identified the +8 plate armour "Kazezos" {rPois rF- rN+++
                  | Regen+} (You bought it in a shop on level 3 of the Elven
                  | Halls)
 36968 | Elf:3    | Noticed Mara
 36969 | Elf:3    | Noticed ragingrage's illusion
 37005 | Elf:3    | Killed Mara
 37903 | Elf:3    | Received a gift from Okawaru
 37904 | Elf:3    | Reached XP level 22. HP: 143/143 MP: 1/28
 37977 | Elf:3    | Identified the +6 plate armour of Analysis {Dex+5}
 38009 | Elf:3    | Found the +3 pair of gauntlets of War {Slay+5}
 38154 | Elf:3    | Identified the ring of the Clean God {Int+4 Dex+6}
 38156 | Elf:3    | Identified the +10 battleaxe of Qiav {freeze, Int+2 Dex+3}
 38244 | Elf:3    | Identified the +10 shortbow "Wicwylia" {vorpal, rF- rC++
                  | Will+++ Str+4}
 38264 | Elf:3    | Identified the +4 double sword "Niamn" {flame, Fly Will++}
 38605 | Vaults:1 | Entered Level 1 of the Vaults
 38852 | Vaults:1 | Found Yrreocro's Weapon Boutique.
 39032 | Vaults:1 | Found Lesufaut's Assorted Antiques.
 39039 | Vaults:1 | Bought a scroll of teleportation for 72 gold pieces
 39095 | Vaults:1 | Found Ufenegur's Antique Weapon Shoppe.
 39166 | Vaults:1 | Identified the +1 buckler "Vifuik" {rCorr Dex+3 Stlth-}
                  | (Okawaru gifted it to you on level 1 of the Vaults)
 39166 | Vaults:1 | Received a gift from Okawaru
 39482 | Vaults:1 | Found Ytogontih's General Store.
 40591 | Vaults:2 | Reached skill level 15 in Evocations
 41241 | Vaults:3 | Found a magical portal.
 41247 | WizLab   | Entered Tukima's Studio
 41265 | WizLab   | Identified the +4 longbow "Holab" {speed, rElec rN+ Str-5}
 41311 | WizLab   | Identified the +8 chain mail of Pan-Flutes {rPois Int+7}
                  | (Okawaru gifted it to you in a wizard's laboratory)
 41311 | WizLab   | Received a gift from Okawaru
 41344 | WizLab   | Noticed ragingrage's illusion
 41353 | WizLab   | Noticed ragingrage's illusion
 41484 | WizLab   | Noticed ragingrage's illusion
 41573 | WizLab   | Noticed ragingrage's illusion
 41640 | WizLab   | Reached XP level 23. HP: 152/152 MP: 1/29
 41979 | Vaults:3 | Reached skill level 10 in Dodging
 42016 | Vaults:3 | Found Judgh's Jewellery Shoppe.
 42025 | Vaults:3 | Bought a +4 ring of slaying for 936 gold pieces
 42390 | Vaults:3 | Found a staircase to the Crypt.
 43196 | Vaults:3 | Identified the +7 battleaxe of the Orcish Mines {vamp,
                  | *Noise Str+4 Dex+4} (Okawaru gifted it to you on level 3 of
                  | the Vaults)
 43196 | Vaults:3 | Received a gift from Okawaru
 44263 | Vaults:4 | Received a gift from Okawaru
 44618 | Vaults:4 | Reached XP level 24. HP: 130/163 MP: 1/29
 44929 | Depths:1 | Entered Level 1 of the Depths
 44952 | Depths:1 | Noticed Bai Suzhen
 44989 | Depths:1 | Killed Bai Suzhen
 44996 | Depths:1 | Noticed the Enchantress
 45018 | Depths:1 | Killed the Enchantress
 45115 | Depths:1 | Found Mawe's Weapon Emporium.
 45147 | Depths:1 | Identified the +0 ring mail "Nacotumn" {rElec Str-5 Slay+2}
                  | (Okawaru gifted it to you on level 1 of the Depths)
 45147 | Depths:1 | Received a gift from Okawaru
 45335 | Depths:1 | Noticed Asterion
 45352 | Depths:1 | Killed Asterion
 45397 | Depths:1 | Paralysed by a floating eye for 4 turns
 45450 | Depths:1 | Found a one-way gateway to a ziggurat.
 45545 | Depths:1 | Noticed Sojobo
 45561 | Depths:1 | Killed Sojobo
 45695 | Depths:1 | Found a one-way gate to the infinite horrors of the Abyss.
 45906 | Depths:1 | Found a gateway to Hell.
 45948 | Depths:1 | Identified the +7 quarterstaff of Checks and Balances
                  | {drain, +Blink Fly Will- Stlth+}
 45977 | Depths:1 | Found a shimmering blue altar of Sif Muna.
 46966 | Depths:2 | Identified the +7 chain mail "Raroro" {Int+3} (Okawaru
                  | gifted it to you on level 2 of the Depths)
 46966 | Depths:2 | Received a gift from Okawaru
 47058 | Depths:2 | Found a stormy altar of Qazlal.
 47090 | Depths:2 | Identified the +0 ring mail of Gluttony {rPois}
 47215 | Depths:2 | Noticed Nikola
 47220 | Depths:2 | Killed Nikola
 47360 | Depths:2 | Found a one-way gate leading to the halls of Pandemonium.
 47846 | Depths:3 | Noticed an ancient lich
 47866 | Depths:3 | Reached XP level 25. HP: 123/178 MP: 1/29
 47866 | Depths:3 | Noticed a dread lich
 47875 | Depths:3 | HP: 6/179 [living spell/divine providence[a walking divine
                  | tome] (12)]
 47875 | Depths:3 | HP: 1/179 [tentacled monstrosity (5)]
 47875 | Depths:3 | Constricted to death by a tentacled monstrosity

Illustrated notes

Levels and vault maps discovered:
D:1:      dpeg_arrival_court, layout_basic, dreamdust_ecumenical_altar_statues
D:2:      minmay_diamond_boxcup, layout_loops_ring, basic_altar
D:3:      layout_basic, mainiacjoe_overflow_chevrons, minmay_cupped
D:4:      layout_basic, minitemple, minmay_temple_entry_enclosed_plants,
          minmay_shop_grid_forest, uniq_edmund, uniq_duvessa, uniq_grinder,
          uniq_blork_the_orc
D:5:      layout_cave_pools
D:6:      layout_cave_pools, chequers_big_river
D:7:      layout_cave_pools, hellmonk_guarded_unrand_vitality_bloodlust
D:8:      layout_loops_cross, ploomutoo_gammafunk_ghost_potion_laboratory,
          enter_ossuary_4, uniq_pikel, uniq_grum, uniq_joseph, uniq_maggie
D:9:      lemuel_flame_loot_2, layout_layer_cave, gammafunk_ghost_stat_death,
          enter_bailey_6
D:10:     layout_grid_maze, lair_entry_dummy, chequers_serial_rivers_micro_c
D:11:     hangedman_cross_cluster, layout_long_grid,
          kennysheep_orc_monster_closet_entryway, serial_shops,
          nicolae_shop_hallway_stairs, nicolae_shop_stone, nicolae_shop_crystal
D:12:     layout_cave_pods, ice2_lemuel, uniq_maurice
D:13:     layout_long_grid, ximxim_vaults_locker_room, special_room
          [special_room_bee]
D:14:     kennysheep_big_flooded_room, layout_long_grid, lemuel_doored_altar,
          nicolae_hepliaklqana_hippocampus, uniq_snorg
D:15:     grunt_enter_depths_magical_seal, layout_cave_pools,
          hangedman_abyss_or_decor_stabs
Temple:   nicolae_temple_bog_church
Lair:1:   layout_misc_corridors, hellmonk_ghost_happy_afterlife,
          portal_ice_cave_entry_pillars_2, beast_lair_carwin_11,
          grunt_megastairs_4
Lair:2:   layout_roguey, swamp_mist, dreamdust_gnoll_shepherd
Lair:3:   layout_misc_corridors, spider_nest_entry_web_field,
          grunt_megastairs_3, lemuel_fruit_tree
Lair:4:   layout_long_grid, dpeg_slime_entry_corner, lemuel_fruit_fields,
          uniq_urug, uniq_kirke
Lair:5:   minmay_lair_end_enchanted_forest, layout_gridlike,
          nicolae_volcano_entry_two_sided, nicolae_quartered_pool_super,
          uniq_josephine
Swamp:1:  layout_basic_swamp, evilmike_swamp_ruin_house_1, swamp_pool5,
          uniq_mlioglotl, uniq_roxanne, uniq_donald
Swamp:2:  layout_basic_swamp, evilmike_swamp_ruin_house_4
Swamp:3:  layout_basic_swamp, hangedman_swamp_ruin_wall, uniq_aizul, uniq_louise
Swamp:4:  nzn_swamp_witches_coven, layout_basic_swamp, swamp_pool3,
          nicolae_swamp_well_well_well
Spider:1: cheibrodos_spider_deadly_dance
Spider:2: layout_spider_delve, hangedman_spider_tarantella_strand
Spider:3: layout_chambers, nicolae_orb_stairs, uniq_azrael
Spider:4: floodkiller_spider_rune_tomb
Orc:1:    layout_caves
Orc:2:    st_orc_ogre_mass, layout_caves, serial_shops, shop, uniq_jorgrun,
          uniq_erolcha
Elf:1:    eino_elf_arrival_sip, layout_geoelf_octagon,
          hangedman_elven_crosses_minicolossus
Elf:2:    nicolae_elf_blades_crystal_corner, layout_loops_corners, special_room
          [special_room_orc], portal_desolation_entry_nicolae_slug,
          serial_shops, shop, basic_altar
Elf:3:    minmay_elf_hall, layout_onion_city, serial_shops, shop,
          minmay_misc_feat_rows, uniq_mara
Vaults:1: nicolae_vaults_hallways_thing, nicolae_vaults_what_the_h,
          vaults_room_ringed_pool, ontoclasm_vaults_shuriken,
          nicolae_vaults_little_squares_6, vaults_room_pools,
          layout_vaults_omnigrid, serial_shops, nicolae_square_shop, shop, shop,
          nicolae_diamond_shop
Vaults:2: v_misc_4, hangedman_vaults_stretched_pinwheel,
          nicolae_vaults_little_squares_4, nicolae_vaults_theta, v_pattern_5,
          v_misc_29, v_misc_5, hangedman_vaults_restitches,
          ontoclasm_vaults_loading_screen, v_misc_16, vaults_dpeg_ring,
          v_misc_12, serial_ice_m, grunt_vaults_diagonal, layout_vaults_ring
Vaults:3: infiniplex_enter_wizlab_spiral, hangedman_vaults_slither, v_rooms_4,
          grunt_vaults_bifocal, ontoclasm_vaults_ring_large,
          minmay_crypt_entry_vampire_xt, ontoclasm_vaults_loading_screen,
          nicolae_vaults_sealed_display, nicolae_vaults_network_star,
          vaults_dpeg_diagonal, vaults_room_guarded_vault,
          ontoclasm_vaults_decontamination, v_misc_23, vaults_dpeg_hooks,
          layout_vaults_big_cross, serial_shops, nicolae_shop_stone
Vaults:4: grunt_vaults_focal, nicolae_vaults_diagonal_hallway_7,
          nicolae_vaults_branching_niches, v_alt_pattern_2,
          hangedman_vaults_stream, ontoclasm_vaults_bender, vaults_room_fours,
          nicolae_vaults_shelves_hall, ontoclasm_vaults_ring_square, v_misc_13,
          nicolae_vaults_alarming, layout_vaults_maze_bifur
Depths:1: layout_small_grid, enter_ziggurat_f, grunt_mini_vestibule,
          serial_bayou_shore_a, abyss_entry, led_sif_pool, minmay_shop_star,
          uniq_bai_suzhen, uniq_enchantress, uniq_asterion, uniq_sojobo
Depths:2: regret_index_qazlal_generations, layout_basic, minmay_holes,
          abyss_entry, rand_demon_pan_entry_5, grunt_hell_entry_dis_old,
          uniq_nikola
Depths:3: minmay_complete_graph, layout_cave_pools, serial_shops,
          shop_fountains, hell_entry, abyss_entry, nicolae_two_hexagons,
          elyvilon_altar_1

Skill      XL: |  1  2  3  4  5  6  7  8  9 10 11 12 13 14 15 16 17 18 19 20 21 22 23 24 |
---------------+-------------------------------------------------------------------------+-----
Dodging        | 1 2 5 6 7 9 10 | 10.0
Evocations     | 3 4 5 6 7 9 10 12 13 14 15 | 15.0
Fighting       | 2 3 4 5 6 8 10 11 12 13 14 15 16 17 20 24 | 24.2
Armour         | 4 6 7 11 15 16 17 20 | 20.0
Axes           | 5 10 13 16 18 19 20 22 24 | 24.0
Invocations    | 3 5 7 9 |  9.0
Stealth        | |  1.3

Action                   |  1- 3 |  4- 6 |  7- 9 | 10-12 | 13-15 | 16-18 | 19-21 | 22-24 | 25-27 || total
-------------------------+-------+-------+-------+-------+-------+-------+-------+-------+-------++-------
Melee: Club              |    97 |       |       |       |       |       |       |       |       ||    97
       Punch             |     1 |       |     1 |     1 |       |       |       |       |       ||     3
       Halberd           |    20 |    87 |       |       |       |       |       |       |       ||   107
       Mace              |       |    91 |    13 |       |       |       |       |       |       ||   104
       Flail             |       |       |   109 |   462 |   792 |       |       |       |       ||  1363
       Broad axe         |       |       |       |       |   187 |       |       |       |       ||   187
       Battleaxe         |       |       |       |       |    15 |   750 |       |       |       ||   765
       Executioner's axe |       |       |       |       |       |   208 |   744 |  1315 |     9 ||  2276
 Fire: Sling             |    12 |    19 |       |       |       |       |       |       |       ||    31
Throw: Dart              |       |     2 |    10 |     4 |     2 |     5 |     5 |     2 |       ||    30
Invok: Heroism           |       |       |     2 |     3 |     4 |       |       |       |       ||     9
       Finesse           |       |       |       |       |       |     4 |       |     1 |       ||     5
Evoke: Wand              |     2 |    10 |     5 |     1 |     6 |     2 |    12 |     4 |       ||    42
       Phial of floods   |       |       |       |       |       |     1 |     1 |       |       ||     2
       Condenser vane    |       |       |       |       |       |       |       |     1 |       ||     1
  Use: Scroll            |       |       |     8 |     9 |    14 |     7 |     5 |     1 |       ||    44
       Potion            |       |       |       |     2 |       |       |     2 |       |       ||     4
 Stab: Distracted        |       |       |       |     3 |     6 |       |       |       |       ||     9
       Paralysed         |       |       |       |       |     4 |       |     1 |       |       ||     5
Armor: Leather armour    |    12 |       |       |       |       |       |       |       |       ||    12
       Scale mail        |    48 |    35 |       |       |       |       |       |       |       ||    83
       Chain mail        |       |   109 |    16 |    52 |       |       |       |       |       ||   177
       Plate armour      |       |       |   105 |   290 |   367 |       |       |       |       ||   762
       Ice dragon scales |       |       |       |    54 |       |       |       |       |       ||    54
       Crystal plate arm |       |       |       |       |   883 |  1193 |   561 |  1270 |    29 ||  3936
Dodge: Dodged            |    59 |    95 |    63 |   156 |    82 |   335 |   308 |   545 |     2 ||  1645
       Repelled          |       |       |       |       |       |     5 |    11 |    13 |       ||    29
Block: Kite shield       |       |       |       |    39 |   372 |       |       |       |       ||   411

Table legend: (Time is in decaauts)
 A = Elapsed time spent in this place.
 B = Non-inter-level travel time spent in this place.
 C = Inter-level travel time spent in this place.
 D = Time resting spent in this place.
 E = Time spent auto-exploring this place.
 F = Levels seen in this place.
 G = Mean time per level.
                   A        B        C        D        E       F      G
               +--------+--------+--------+--------+--------+-----+--------+
         Total |  48065 |  45106 |   2959 |   5318 |  29043 |  46 | 1044.9 |
       Dungeon |  18076 |  16749 |   1327 |   2959 |  10466 |  15 | 1205.1 |
        Temple |    103 |     69 |     34 |      0 |     53 |   1 |  103.0 |
          Lair |   5367 |   4872 |    495 |    491 |   2898 |   5 | 1073.4 |
         Swamp |   3241 |   3042 |    199 |    373 |   1913 |   4 |  810.2 |
   Spider Nest |   4670 |   4460 |    210 |    458 |   2839 |   4 | 1167.5 |
  Orcish Mines |   1387 |   1295 |     92 |    121 |    784 |   2 |  693.5 |
   Elven Halls |   4117 |   3926 |    191 |    285 |   2636 |   3 | 1372.3 |
        Vaults |   5505 |   5185 |    320 |    101 |   4212 |   4 | 1376.2 |
        Depths |   2777 |   2689 |     88 |     83 |   2021 |   3 |  925.7 |
       Ossuary |    317 |    317 |      0 |     78 |    136 |   1 |  317.0 |
        Bailey |    275 |    275 |      0 |     36 |     68 |   1 |  275.0 |
      Ice Cave |    959 |    959 |      0 |    290 |    388 |   1 |  959.0 |
        Wizlab |    484 |    484 |      0 |     21 |    204 |   1 |  484.0 |
    Desolation |    780 |    780 |      0 |     18 |    424 |   1 |  780.0 |
               +--------+--------+--------+--------+--------+-----+--------+

Top non-repeatable levels by time:
   Elf:3: 1963 daAuts
Vaults:3: 1707 daAuts
     D:1: 1637 daAuts
  Lair:5: 1583 daAuts
Spider:4: 1533 daAuts
     D:3: 1528 daAuts
Depths:2: 1499 daAuts
Spider:3: 1477 daAuts
    D:10: 1466 daAuts
     D:2: 1460 daAuts
    D:11: 1454 daAuts
     D:4: 1416 daAuts
     D:7: 1416 daAuts
Vaults:4: 1291 daAuts
Vaults:1: 1280 daAuts
